AoeStats
← zack

Golden Pit

514287050Analyzed
4v4 RM · 1mo ago on Oct 17, 2026· 39m 38s· 8 players
Game mode
Random Map
Map size
Large (8 player)
Population
200
Speed
Normal
Resources
Standard
Victory
Conquest
Starting age
Dark Age
Ending age
Imperial Age
RankedLock teamsTeams togetherTeam positionsShared explorationLock speedFull tech treeHidden civsTurbo modeCheats
Victory
Defeat
🇮🇳 Sicilians · India
1305
+13
🇦🇺 Japanese · Australia
1297
+13
🇦🇷 Magyars · Argentina
1246
+15
🇨🇳 Wei · China
1219
+15
vs
🇫🇷 Mongols · France
1257
-15
🇬🇧 Vietnamese · United Kingdom
1224
-14
🇬🇧 Hindustanis · United Kingdom
1221
-14
🇬🇧 Franks · United Kingdom
1196
-13
Tom
4:56 Loom
9:26 Feudal Age
11:05 Double-Bit Axe
16:29 Fletching
20:08 Castle Age
23:07 Scale Barding Armor
27:58 Bodkin Arrow
28:45 Padded Archer Armor
29:38 Wheelbarrow
30:19 Gold Mining
35:20 Imperial Age
37:11 Ballistics
39:29 Wheelbarrow
[MRCN]Leech
5:19 Loom
7:37 Loom
9:55 Feudal Age
14:32 Scale Barding Armor
17:41 Forging
25:27 Castle Age
25:54 Double-Bit Axe
26:02 Gold Mining
26:14 Husbandry
30:12 Bow Saw
32:34 Iron Casting
33:56 Wheelbarrow
34:02 Wheelbarrow
35:36 Gold Shaft Mining
34:52 Stone Mining
36:13 Chain Barding Armor
37:56 Hand Cart
[MRCN]ScotJh
6:46 Loom
9:18 Feudal Age
10:19 Horse Collar
10:24 Double-Bit Axe
17:50 Bloodlines
22:10 Castle Age
20:30 Stone Mining
20:32 Gold Mining
23:05 Bow Saw
22:56 Heavy Plow
23:43 Stone Shaft Mining
23:45 Gold Shaft Mining
25:30 Wheelbarrow
25:46 Husbandry
25:52 Scale Barding Armor
25:52 Town Watch
27:01 Forging
30:16 Chain Barding Armor
31:03 Hand Cart
30:28 Elite Skirmisher
36:45 Fletching
37:23 Ballistics
[MRCN]Nate The Great
6:42 Loom
9:39 Feudal Age
10:48 Double-Bit Axe
12:21 Wheelbarrow
11:29 Horse Collar
13:42 Fletching
16:27 Padded Archer Armor
20:35 Town Watch
24:36 Castle Age
24:56 Elite Skirmisher
25:45 Thumb Ring
26:10 Bodkin Arrow
26:31 Leather Archer Armor
33:16 Bow Saw
34:20 Scale Mail Armor
Wolfsbane
6:22 Loom
9:24 Feudal Age
10:25 Double-Bit Axe
17:29 Horse Collar
19:00 Scale Mail Armor
19:02 Fletching
20:56 Forging
25:48 Wheelbarrow
28:57 Castle Age
27:06 Arson
29:53 Chain Mail Armor
30:11 Squires
29:57 Gambesons
30:08 Gambesons
31:04 Iron Casting
31:54 Heavy Plow
32:04 Bow Saw
40:35 Ballistics
Silver_Storm
7:48 Loom
9:43 Feudal Age
10:58 Double-Bit Axe
13:02 Fletching
20:31 Castle Age
18:58 Gold Mining
19:40 Padded Archer Armor
19:34 Horse Collar
20:35 Crossbowman
21:20 Thumb Ring
21:29 Bodkin Arrow
25:05 Wheelbarrow
30:25 Heavy Plow
31:35 Ballistics
32:48 Bow Saw
36:15 Imperial Age
34:37 Gold Shaft Mining
35:02 Stone Mining
37:03 Squires
36:48 Gambesons
36:31 Elite Samurai
37:39 Scale Mail Armor
37:49 Forging
38:09 Conscription
40:02 Chain Mail Armor
40:23 Iron Casting
40:27 Hand Cart
Hodor
5:18 Loom
9:53 Feudal Age
10:47 Double-Bit Axe
12:11 Horse Collar
20:16 Wheelbarrow
20:20 Scale Barding Armor
22:28 Bloodlines
22:32 Town Watch
27:14 Castle Age
28:00 Husbandry
28:21 Chain Barding Armor
27:24 Light Cavalry
32:59 Heavy Plow
38:09 Hand Cart
41:04 Imperial Age
zack
3:25 Loom
11:35 Feudal Age
12:12 Double-Bit Axe
15:23 Horse Collar
16:22 Loom
19:13 Castle Age
21:21 Gold Mining
22:34 Scale Barding Armor
25:29 Bloodlines
25:40 Forging
29:59 Gold Shaft Mining
36:11 Imperial Age
34:25 Chain Barding Armor
35:13 Wheelbarrow
35:46 Iron Casting
35:24 Fletching
35:35 Padded Archer Armor
36:54 Husbandry
37:15 Heavy Hei Guang Cavalry
39:38 Blast Furnace
40:09 Ming Guang Armor
Connection lost

Rejoining the realm…

Still unreachable

The connection could not be restored.

Session expired

The server has moved on; the page needs a fresh start.